AoeStats
← [GG] Shevchenko 7

Arena

508946505Analyzed
1v1 RM · 8d ago on Sep 24, 2026· 29m 25s· 2 players
Game mode
Random Map
Map size
Tiny (2 player)
Population
200
Speed
Normal
Resources
Standard
Victory
Conquest
Starting age
Dark Age
Ending age
Imperial Age
RankedLock teamsTeams togetherTeam positionsShared explorationLock speedFull tech treeHidden civsTurbo modeCheats
Victory
Defeat
🇨🇱 Cumans · Chile
1127
+16
🇧🇷 Portuguese · Brazil
1136
-16
veranodel92
8:54 Feudal Age
9:31 Double-Bit Axe
10:52 Horse Collar
17:12 Fletching
22:04 Castle Age
21:30 Wheelbarrow
23:16 Loom
23:51 Bodkin Arrow
25:29 Forging
25:25 Scale Barding Armor
27:52 Imperial Age
25:53 Bloodlines
[GG] Shevchenko 7
9:57 Feudal Age
9:04 Loom
14:20 Castle Age
12:55 Double-Bit Axe
Connection lost

Rejoining the realm…

Still unreachable

The connection could not be restored.

Session expired

The server has moved on; the page needs a fresh start.